 Dungeon Crawl Stone Soup version 0.30.1-11-g7821555f0a (webtiles) character file.

Game seed: 2240246048586442369

2354744 jfcaron the Executioner (level 27, 226/226 HPs)
             Began as a Gnoll Delver on Nov 6, 2023.
             Was the Champion of Makhleb.
             Escaped with the Orb
             ... and 4 runes on Nov 8, 2023!
             The game lasted 04:08:23 (70074 turns).

jfcaron the Executioner (Gnoll Delver)             Turns: 70074, Time: 04:08:24

Health: 226/226    AC: 53    Str: 23    XL:     27
Magic:  49/49      EV: 14    Int: 18    God:    Makhleb [******]
Gold:   5428       SH: 27    Dex: 19    Spells: 32/70 levels left

rFire   + + .        Y - +8 demon trident "Rift" {distort, reach+}
rCold   + + .        K - +5 tower shield {rC+}
rNeg    . . .        a - +12 gold dragon scales
rPois   +            z - +2 helmet "Mett" {Dex+4}
rElec   +            d - +2 cloak of Inviolability {Drain +Inv Will++ Regen+}
rCorr   .            J - +2 pair of gloves {infuse}
SInv    +            g - +1 pair of boots of Ofaetini {Regen+ Str+2}
Will    ++++.        y - amulet of Fefim {Faith Regen+} Stlth
                     v - ring of Sif Muna's Benevolence {rF+ AC+4 Str-2 SInv}
HPRegen 2.97/turn    O - ring "Qiosig" {rElec Int+6 Dex+3 Stlth-}
MPRegen 0.31/turn

%: faith, infuse magic (1 MP)
@: studying 4 skills
A: fangs 1, strong nose, distributed training, clumsy 1, screaming 1
0: Orb of Zot
}: 4/15 runes: decaying, serpentine, slimy, silver
a: Renounce Religion, Evoke Invisibility, Minor Destruction, Lesser Servant of
Makhleb, Major Destruction, Greater Servant of Makhleb


You escaped.
You worshipped Makhleb.
Makhleb was exalted by your worship.
You visited 11 branches of the dungeon, and saw 55 of its levels.
You visited the Abyss 1 time.
You also visited: Trove, Ossuary, Gauntlet, Ice Cave and Wizlab.

You collected 11178 gold pieces.
You spent 5750 gold pieces at shops.

Inventory:

Hand Weapons
 Y - the +8 demon trident "Rift" (weapon) {distort, reach+}
   (You found it on level 3 of the Lair of Beasts)
Missiles
 b - 11 silver javelins {!f}
 i - 2 throwing nets {!f}
 n - 17 curare-tipped darts {!f}
 T - 19 datura-tipped darts {!f}
 V - 12 javelins
Armour
 a - +12 gold dragon scales (worn)
 d - the +2 cloak of Inviolability (worn) {Drain +Inv Will++ Regen+}
   (You found it in a Gauntlet)

   +Inv:      It lets you turn invisible.
   Regen:     It increases your rate of health regeneration.
   Drain:     It drains your maximum health when unequipped.
   Will:      It greatly increases your willpower.
 g - the +1 pair of boots of Ofaetini (worn) {Regen+ Str+2}
   (You found it in a Gauntlet)

   Str:       It affects your strength (+2).
   Regen:     It increases your rate of health regeneration.
 h - the +4 robe of Folly {Brill Will-∞ Int+8}
   (You found it on level 1 of the Orcish Mines)

   Brill:     It increases the power of your magical spells and halves their MP
   cost (rounding up).
   Will-∞: It reduces your willpower to zero.
   Int:       It affects your intelligence (+8).
 t - the +2 pair of gloves "Haibeg" {rPois rF- Int+2 Stlth+}
   (You found it on level 3 of the Elven Halls)

   Int:       It affects your intelligence (+2).
   rF:        It makes you vulnerable to fire.
   rPois:     It protects you from poison.
   Stlth:     It makes you more stealthy.
 z - the +2 helmet "Mett" (worn) {Dex+4}
   (You found it on level 5 of the Pits of Slime)

   Dex:       It affects your dexterity (+4).
 J - a +2 pair of gloves of infusion (worn)
   (You found it on level 5 of the Vaults)
 K - a +5 tower shield of cold resistance (worn)
   (You found it in an ice cave)
Jewellery
 s - a ring of wizardry
   (You found it on level 11 of the Dungeon)
 v - the ring of Sif Muna's Benevolence (left hand) {rF+ AC+4 Str-2 SInv}
   (You found it on level 2 of the Lair of Beasts)

   [ring of protection]

   AC:        It affects your AC (+4).
   Str:       It affects your strength (-2).
   rF:        It protects you from fire.
   SInv:      It lets you see invisible.
 y - the amulet of Fefim (around neck) {Faith Regen+}
   (You took it off an ironbound preserver on level 5 of the Vaults)

   [amulet of faith]

   It allows you to gain divine favour quickly.
   Regen:     It increases your rate of health regeneration.
 O - the ring "Qiosig" (right hand) {rElec Int+6 Dex+3 Stlth-}
   (You bought it in a shop on level 1 of the Vaults)

   [ring of intelligence]

   Int:       It affects your intelligence (+6).
   Dex:       It affects your dexterity (+3).
   rElec:     It insulates you from electricity.
   Stlth:     It makes you less stealthy.
Wands
 p - a wand of digging (31)
   (You found it in a Gauntlet)
 u - a wand of mindburst (65)
   (You found it on level 5 of the Dungeon)
 B - a wand of roots (74)
   (You found it on level 3 of the Dungeon)
 D - a wand of quicksilver (29)
   (You found it on level 5 of the Dungeon)
 X - a wand of charming (68)
   (You found it on level 9 of the Dungeon)
Scrolls
 c - 3 scrolls of fog
 e - 14 scrolls of fear
 k - 4 scrolls of magic mapping
 l - 14 scrolls of immolation
 m - 40 scrolls of teleportation
 o - 6 scrolls of silence
 q - 13 scrolls of poison
 H - 3 scrolls of summoning
 P - 7 scrolls of blinking
 R - 10 scrolls of vulnerability
Potions
 f - 12 potions of flight
 j - 34 potions of curing
 r - 11 potions of invisibility
 x - 12 potions of heal wounds
 C - 7 potions of brilliance
 E - 10 potions of lignification
 F - 3 potions of ambrosia
 G - 2 potions of cancellation
 L - 4 potions of attraction
 M - 3 potions of magic
 N - 3 potions of resistance
 Q - 4 potions of might
 S - 15 potions of mutation
 U - 10 potions of haste
Miscellaneous
 w - a condenser vane
   (You bought it in a shop on level 13 of the Dungeon)
 A - a phantom mirror
   (You found it on level 5 of the Lair of Beasts)
 I - a box of beasts
   (You found it on level 12 of the Dungeon)
 W - a lightning rod (4/4)
   (You found it on level 3 of the Swamp)


   Skills:
 + Level 20.5 Fighting
 + Level 22.1 Short Blades
 + Level 19.7 Long Blades
 + Level 22.6 Axes
 + Level 19.7 Maces & Flails
 + Level 20.1 Polearms
 + Level 19.7 Staves
 + Level 19.7 Ranged Weapons
 + Level 19.7 Throwing
 + Level 19.7 Armour
 + Level 20.1 Dodging
 + Level 21.4 Stealth
 + Level 19.7 Shields
 + Level 19.7 Unarmed Combat
 + Level 22.3 Spellcasting
 + Level 16.8 Conjurations
 + Level 16.8 Hexes
 + Level 16.8 Summonings
 + Level 16.8 Necromancy
 + Level 16.8 Translocations
 + Level 16.8 Transmutations
 + Level 16.8 Fire Magic
 + Level 16.8 Ice Magic
 + Level 20.0 Air Magic
 + Level 16.8 Earth Magic
 + Level 16.8 Poison Magic
 + Level 21.2 Invocations
 + Level 19.7 Evocations


You had 32 spell levels left.
You knew the following spells:

 Your Spells              Type           Power      Damage    Failure   Level
a - Passwall              Tmut/Erth      57%        N/A       1%          2
b - Blink                 Tloc           100%       N/A       1%          2
c - Apportation           Tloc           100%       N/A       1%          1
d - Wereblood             Tmut           69%        N/A       1%          2
e - Vhi's Electric Charg  Tloc/Air       100%       N/A       1%          3
f - Dispel Undead         Necr           69%        3d23      1%          4
g - Silence               Hex/Air        36%        N/A       1%          5
h - Summon Mana Viper     Hex/Summ       69%        N/A       1%          5
i - Irradiate             Conj/Tmut      34%        3d23      1%          5
j - Shatter               Erth           34%        3d28*     100%        9

Your spell library contained the following spells:

 Spells                   Type           Power      Damage    Failure   Level
 Beastly Appendage        Tmut           100%       N/A       1%          1
 Foxfire                  Conj/Fire      100%       2x1d9     1%          1
 Kiss of Death            Conj/Necr      100%       2d13      1%          1
 Magic Dart               Conj           100%       1d8       1%          1
 Necrotise                Necr           100%       1d9       1%          1
 Sandblast                Erth           100%       2d20      1%          1
 Slow                     Hex            100%       N/A       1%          1
 Sting                    Tmut/Pois      100%       1d8       1%          1
 Summon Small Mammal      Summ           100%       N/A       1%          1
 Call Imp                 Summ           100%       N/A       1%          2
 Cigotuvi's Dreadful Rot  Necr/Pois/Air  100%       N/A       1%          2
 Poisonous Vapours        Pois/Air       100%       N/A       1%          2
 Static Discharge         Conj/Air       100%       2-7/arc   1%          2
 Call Canine Familiar     Summ           69%        N/A       1%          3
 Confusing Touch          Hex            69%        N/A       1%          3
 Dazzling Flash           Conj/Hex       100%       N/A       1%          3
 Frozen Ramparts          Ice            100%       1d16      1%          3
 Hailstorm                Conj/Ice       69%        3d14      1%          3
 Ignite Poison            Fire/Tmut/Pois 69%        N/A       1%          3
 Mephitic Cloud           Conj/Pois/Air  71%        N/A       1%          3
 Ozocubu's Armour         Ice            69%        N/A       1%          3
 Portal Projectile        Hex/Tloc       100%       N/A       1%          3
 Spider Form              Tmut/Pois      69%        N/A       1%          3
 Stone Arrow              Conj/Erth      100%       3d13      1%          3
 Summon Guardian Golem    Hex/Summ       69%        N/A       1%          3
 Vampiric Draining        Necr           69%        2d10      1%          3
 Volatile Blastmotes      Fire/Tloc      100%       2d18      1%          3
 Anguish                  Hex/Necr       34%        N/A       1%          4
 Animate Armour           Summ/Erth      100%       N/A       1%          4
 Cause Fear               Hex            34%        N/A       1%          4
 Fulminant Prism          Conj/Hex       34%        3d15      1%          4
 Ice Form                 Ice/Tmut       69%        N/A       1%          4
 Iskenderun's Mystic Bla  Conj/Tloc      69%        2d14      1%          4
 Leda's Liquefaction      Hex/Erth       34%        N/A       1%          4
 Manifold Assault         Tloc           69%        N/A       1%          4
 Olgreb's Toxic Radiance  Pois           69%        N/A       1%          4
 Petrify                  Tmut/Erth      69%        N/A       1%          4
 Sticky Flame             Conj/Fire      69%        2d8       1%          4
 Summon Ice Beast         Ice/Summ       69%        N/A       1%          4
 Agony                    Necr           69%        N/A       1%          5
 Alistair's Intoxication  Tmut/Pois      46%        N/A       1%          5
 Arcjolt                  Conj/Air       36%        1d46      1%          5
 Blade Hands              Tmut           34%        N/A       1%          5
 Fireball                 Conj/Fire      34%        3d14      1%          5
 Freezing Cloud           Conj/Ice/Air   35%        6-21      1%          5
 Iskenderun's Battlesphe  Conj           69%        2d12      1%          5
 Lee's Rapid Deconstruct  Erth           34%        3d17*     1%          5
 Metabolic Englaciation   Hex/Ice        34%        N/A       1%          5
 Conjure Ball Lightning   Conj/Air       36%        3x3d12    6%          6
 Plasma Beam              Fire/Air       36%        2x1d54    6%          6
 Dispersal                Tloc           34%        N/A       12%         6
 Simulacrum               Ice/Necr       34%        N/A       12%         6
 Starburst                Conj/Fire      34%        6d10      12%         6
 Statue Form              Tmut/Erth      46%        N/A       12%         6
 Storm Form               Tmut/Air       36%        N/A       32%         7
 Dragon Form              Tmut           34%        N/A       54%         7
 Enfeeble                 Hex            34%        N/A       54%         7
 Haunt                    Necr/Summ      34%        N/A       54%         7
 Malign Gateway           Summ/Tloc      34%        N/A       54%         7
 Monstrous Menagerie      Summ           34%        N/A       54%         7
 Orb of Destruction       Conj           34%        9d10      54%         7
 Ozocubu's Refrigeration  Ice            34%        4d15      54%         7
 Spellforged Servitor     Conj/Summ      34%        N/A       54%         7
 Maxwell's Capacitive Co  Air            37%        ∞         78%         8
 Borgnjor's Revivificati  Necr           34%        N/A       99%         8
 Discord                  Hex            34%        N/A       99%         8
 Disjunction              Tloc           34%        N/A       99%         8
 Ignition                 Fire           34%        3d11      99%         8
 Lehudib's Crystal Spear  Conj/Erth      34%        10d9      99%         8
 Necromutation            Tmut/Necr      34%        N/A       99%         8
 Summon Horrible Things   Summ           34%        N/A       99%         8
 Chain Lightning          Conj/Air       36%        3d48      100%        9
 Death's Door             Necr           34%        N/A       100%        9
 Fire Storm               Conj/Fire      34%        8d9       100%        9
 Polar Vortex             Ice            34%        N/A       100%        9


Dungeon Overview and Level Annotations

Branches:
Dungeon (15/15)            Temple (0/1) D:6            Lair (5/5) D:11
  Swamp (4/4) Lair:2        Snake (4/4) Lair:2        Slime (5/5) Lair:5
    Orc (2/2) D:11            Elf (3/3) Orc:2        Vaults (5/5) D:13
  Crypt (3/3) Vaults:3       Tomb (0/3) Crypt:3      Depths (4/4) D:15
    Zot (5/5) Depths:4    Ossuary (visited)           IceCv (visited)
 WizLab (visited)         Gauntlet (visited)

Altars:
Ashenzari
Dithmenos
Elyvilon
Fedhas
Kikubaaqudgha
Makhleb
Okawaru
Qazlal
Ru
Sif Muna
Uskayaw
Wu Jian
Xom
Yredelemnul
The Shining One
Jiyva

Shops:
D:1 !   D:4 (((=   D:11 [([   D:13 *   Orc:2 *!*(   Elf:2 ([([[   Elf:3 (
Snake:1 *   Snake:2 (   Snake:3 :   Snake:4 [(   Vaults:1 ((=

Portals:
Hell: Depths:1 Depths:2 Depths:3 Depths:4
Abyss: Lair:3 Depths:3 Depths:4
Pandemonium: Depths:2
Ziggurat: Depths:2

Annotations:
Abyss:1 Azrael; Boris; Cheops's ghost, adept NaIE; Mennas; Roxanne; Wiggles's ghost, adept MiBe; Xtahua; foxicus's ghost, journeyman HOFi


Innate Abilities, Weirdness & Mutations

You have very sharp teeth.
Your uncanny sense of smell can sniff out nearby items.
Your experience applies equally to all skills.
You are clumsy. (Dex -2)
You occasionally shout uncontrollably at your foes.


Message History

(P) Snake Pit (M) Slime Pits (O) Orcish Mines (E) Elven Halls (V) Vaults (C) Crypt (W) Tomb (U) Depths (H) Hell (Z) Zot
Where to? (Enter - D:1 @ (x,y), ? - help)
There is an open door here.
There is a stone staircase leading up here.
You climb upwards.
There is a stone staircase leading down here.
You see here a +0 mace.
There is a stone staircase leading up here.
You climb upwards.
There is a stone staircase leading down here.
An Orb Guardian comes into view.
The bolt of negative energy hits the Orb Guardian!!!
The Orb Guardian is drained!
The Orb Guardian is heavily wounded.
The bolt of acid hits the Orb Guardian!!
The acid corrodes the Orb Guardian!
The Orb Guardian is almost dead.
You closely miss the Orb Guardian.
The Orb Guardian is almost dead.
You puncture the Orb Guardian!
You kill the Orb Guardian!
Makhleb accepts your kill.
You feel better.
(D) Dungeon (T) Temple (L) Lair (S) Swamp (P) Snake Pit (M) Slime Pits (O) Orcish Mines (E) Elven Halls (V) Vaults (C) Crypt (W) Tomb (U) Depths (H) Hell (Z) Zot
Where to? (Enter - D:1 @ (x,y), ? - help) Magic restored.
There is a stone staircase leading up here.
You climb upwards.
There is a stone staircase leading down here.
There is a stone staircase leading up here.
You climb upwards.
There is a stone staircase leading down here.
There is an open door here.
There is a staircase leading out of the dungeon here.
You have escaped!

#...^..#
##'###+#
##.###.##
#...>...#
#...#...#
#...#...#
#...#...#
#.......#
#...@...#
#.......#
#########


There were no monsters in sight!

Vanquished Creatures
  the Royal Jelly (Slime:5)
  3 ancient liches
  2 dread liches
  Mara (Vaults:4)
  3 orbs of fire (Zot:5)
  A royal mummy (Crypt:3)
  Parghit (Depths:3)
  Sojobo (Vaults:2)
  Josephina (Depths:2)
  Frederick (Vaults:3)
  8 Killer Klowns
  Margery (Depths:1)
  Saint Roka (Vaults:4)
  4 curse toes
  5 caustic shrikes (Depths:4)
  The ghost of Sulo Conyim the Unseen, a veteran GnDe of Gozag (Depths:2)
  5 golden dragons
  Nikola (Swamp:1)
  3 electric golems
  10 tentacled monstrosities
  Rupert (D:14)
  Mlioglotl (Swamp:3)
  Zenata (Vaults:3)
  3 liches
  4 titans
  27 Orb Guardians
  A walking divine tome (Depths:3)
  8 quicksilver dragons
  A deep elf blademaster (Elf:3)
  A deep elf master archer (Elf:3)
  6 sphinxes
  16 acid blobs
  6 death cobs
  A tentacled starspawn (Lair:3)
  A thorn hunter (Swamp:4)
  3 tengu reavers
  5 ancient champions
  The ghost of Jadoobi the Warrior, an adept MiBe of Trog (Swamp:3)
  Donald (Vaults:2)
  8 shadow dragons
  3 draconian monks
  13 storm dragons
  5 nagarajas (Snake:4)
  4 draconian knights
  4 fire giants
  4 frost giants
  A rockslime (Slime:5)
  7 azure jellies
  A revenant (Crypt:2)
  An iron dragon (Depths:3)
  4 draconian scorchers
  A balrug (D:15)
  11 deep elf sorcerers
  6 ghost moths
  17 vault wardens
  5 ghouls
  4 draconian shifters
  2 curse skulls
  8 deep elf elementalists (Elf:3)
  A draconian stormcaller (Zot:5)
  3 war gargoyles
  A spriggan defender (Depths:3)
  13 quicksilver oozes
  15 very ugly things
  A reaper (Abyss:2)
  10 stone giants
  16 ironbound preservers
  6 draconian annihilators
  12 ironbound thunderhulks
  10 deep elf demonologists
  19 black draconians
  6 vampire knights
  An eleionoma (Swamp:3)
  14 green draconians
  8 deep elf annihilators
  2 bunyips
  11 white draconians
  8 purple draconians
  3 dire elephants
  6 yellow draconians
  A minotaur (Gauntlet)
  A spark wasp (Depths:2)
  12 ettins
  4 eidola
  5 red draconians
  A crystal guardian (Vaults:3)
  4 mummy priests (Crypt:3)
  10 deep elf death magi
  12 jiangshi
  2 entropy weavers (Vaults:3)
  11 yaktaur captains
  2 fire dragons
  2 deep elf high priests
  A merfolk impaler (Depths:3)
  A spriggan zombie (Depths:1)
  16 hydras
  A peacekeeper (Vaults:3)
  The ghost of mrw3rdna the Bewitcher, a journeyman SpEn of Wu Jian (Lair:3)
  A salamander tyrant (Snake:3)
  3 great orbs of eyes
  2 death knights
  4 rakshasas
  3 shambling mangroves (Swamp:4)
  Fannar (Lair:1)
  7 ice dragons
  A spriggan air mage (Depths:3)
  4 ghost crabs
  An ogre mage (D:13)
  Harold (Lair:1)
  27 vault guards
  5 boulder beetles
  Erica (Lair:1)
  A juggernaut simulacrum (Depths:3)
  6 anacondas
  8 centaur warriors
  4 ironbound frosthearts
  5 deep troll shamans
  6 alligators
  A two-headed ogre (D:11)
  30 dancing weapons
  A death yak (Lair:2)
  4 spriggan berserkers
  3 soul eaters
  3 tengu warriors
  18 naga warriors
  6 vampire magi
  2 orc high priests
  A thrashing horror (Lair:3)
  9 shock serpents
  6 deep troll earth magi
  A hell hog (Lair:3)
  8 naga sharpshooters
  8 hell knights
  A titan zombie (Crypt:1)
  Urug (Orc:1)
  22 deep elf knights
  A titan skeleton (Depths:2)
  2 sun demons (D:15)
  A wretched star (Abyss:3)
  A salamander mystic (Snake:3)
  6 sixfirhies
  3 shadow wraiths
  A storm dragon skeleton (Crypt:1)
  39 deep trolls
  A skyshark (Lair:2)
  7 sea snakes (Snake:4)
  29 skeletal warriors
  4 iron trolls
  3 glowing orange brains
  4 spriggan druids
  5 goliath frogs
  7 flayed ghosts
  10 swamp dragons
  11 deep elf archers
  15 lindwurms
  The ghost of SirLogeyBear the Cleaver, a novice HOBe of Trog (D:5)
  2 orange crystal statues
  10 bog bodies
  4 naga ritualists
  A spectral hydra (Swamp:4)
  12 ironbound convokers
  12 wizards
  13 orc knights
  12 necromancers
  4 oklob plants
  23 deep elf pyromancers
  A wolf spider (shapeshifter) (Depths:3)
  A shadow dragon skeleton (Crypt:1)
  4 orc sorcerers
  3 tengu skeletons
  9 phantasmal warriors
  17 mana vipers
  3 manticores
  32 ugly things
  A faun (shapeshifter) (Vaults:5)
  33 deep elf zephyrmancers
  A shining eye (shapeshifter) (Vaults:5)
  9 cyclopes
  4 shining eyes
  8 salamanders
  2 will-o-the-wisps
  2 iron dragon skeletons (Depths:1)
  2 salamanders (shapeshifter)
  24 moths of wrath
  A jorogumo skeleton (Crypt:2)
  11 elephants
  2 stone giant skeletons (Crypt:1)
  A black mamba (shapeshifter) (Vaults:5)
  2 naga zombies (Crypt:1)
  38 black mambas
  14 naga magi
  5 large abominations
  3 guardian serpents
  4 eyes of devastation
  12 vault sentinels
  2 gargoyles (D:11)
  A yaktaur zombie (Vaults:3)
  15 cane toads
  A red draconian zombie (Crypt:1)
  A torpor snail (Lair:2)
  An unseen horror (D:13)
  8 komodo dragons
  3 rime drakes
  A black draconian zombie (Crypt:1)
  3 hellions
  An ice devil (Lair:3)
  An efreet (D:13)
  3 freezing wraiths (Crypt:1)
  19 yaktaurs
  A minotaur skeleton (Crypt:3)
  A red devil (Zot:3)
  A bloated husk (Swamp:3)
  An anaconda simulacrum (Crypt:1)
  A hydra zombie (Swamp:4)
  27 guardian mummies (Crypt:3)
  12 trolls
  A queen bee (Gauntlet)
  2 tengu simulacra
  14 hornets
  2 harpy skeletons
  3 hydra skeletons (Swamp:4)
  3 polar bears
  15 tyrant leeches
  9 blink frogs
  A culicivora zombie (Crypt:2)
  13 dream sheep
  2 death drake skeletons (Swamp:4)
  2 iron dragon simulacra (Depths:3)
  A draconian simulacrum (Crypt:1)
  2 raiju (Zot:2)
  A human simulacrum (Vaults:2)
  2 centaur simulacra
  An air elemental (Elf:2)
  3 flying skulls (Crypt:2)
  2 shadows
  27 spriggans
  3 wyverns
  7 ushabtiu (Crypt:3)
  67 slime creatures
  5 wraiths
  An elf zombie (Vaults:3)
  4 water elementals
  2 dire elephant simulacra (Elf:3)
  45 yaks
  5 basilisks
  5 starcursed masses (Abyss:2)
  8 fire elementals
  A black mamba skeleton (Crypt:2)
  15 humans (D:13)
  Grum (Lair:1)
  12 vampire mosquitoes
  A steam dragon (D:9)
  A deep troll zombie (Crypt:1)
  A neqoxec (D:15)
  3 minotaur simulacra (Elf:3)
  A chaos spawn (Depths:4)
  9 wargs
  A harpy simulacrum (Elf:3)
  Edmund (D:4)
  A naga (shapeshifter) (Vaults:5)
  43 nagas
  4 hydra simulacra (Swamp:4)
  2 glowing shapeshifter zombies
  18 water moccasins
  13 swamp worms
  3 acid dragons
  3 hell hounds (Snake:1)
  9 swamp drakes
  A floating eye (shapeshifter) (Lair:3)
  4 small abominations
  A swamp drake (shapeshifter) (Vaults:5)
  A water nymph skeleton (Crypt:1)
  Duvessa (D:7)
  A floating eye (Slime:5)
  2 glowing shapeshifter skeletons (Depths:1)
  5 black bears
  An alligator simulacrum (Elf:3)
  6 ice beasts
  2 sky beasts (D:6)
  An ettin simulacrum (Vaults:2)
  6 great orb of eyes simulacra (IceCv)
  50 orc warriors
  A swamp dragon zombie (Swamp:4)
  30 wolves
  5 centaurs
  5 ogres
  9 boggarts
  A human zombie (Vaults:2)
  A swamp dragon skeleton (Swamp:4)
  Blork the orc (D:6)
  A draconian zombie (Crypt:1)
  12 bullfrogs
  An elf skeleton (Crypt:2)
  A rime drake skeleton (Crypt:3)
  2 gnoll sergeants (D:11)
  A necrophage (Crypt:2)
  3 earth elementals
  5 glowing shapeshifter simulacra
  2 komodo dragon skeletons (Crypt:2)
  2 human skeletons
  3 scorpions
  13 wights
  A hornet simulacrum (D:13)
  Dowan (D:7)
  15 killer bees
  A lindwurm simulacrum (Elf:3)
  A yak skeleton (Crypt:3)
  A spriggan skeleton (Crypt:1)
  4 electric eels
  5 howler monkeys
  A quasit (Abyss:2)
  2 gnoll boudas
  3 hounds
  18 orc priests
  A jelly (D:6)
  2 sleepcaps
  Jessica (D:3)
  5 lightning spires (Zot:2)
  4 iguanas
  27 orc wizards
  7 hell rats (Lair:5)
  3 tengu zombies
  2 scorpion simulacra (D:5)
  15 mummies
  13 gnolls
  4 adders
  A hound simulacrum (D:5)
  A shadow imp (D:7)
  6 white imps
  An adder zombie (Crypt:3)
  5 worms
  5 dart slugs
  103 orcs
  4 bats
  7 endoplasms
  An endoplasm (shapeshifter) (Depths:3)
  7 giant cockroaches
  A gnoll zombie (Ossuary)
  8 goblins
  6 hobgoblins
  4 jackals (D:3)
  4 kobolds
  2 quokkas
  6 ball pythons
  A dart slug zombie (Crypt:3)
  A frilled lizard (D:1)
  3 hobgoblin zombies (Ossuary)
  3 kobold zombies (Ossuary)
  An orc zombie (Ossuary)
  A quokka zombie (Crypt:3)
  4 rats
  A rat zombie (Crypt:2)
  5 ball lightnings (Zot:2)
  10 foxfires
  A lurking horror (Abyss:2)
  3 starspawn tentacles (Lair:3)
2242 creatures vanquished.

Notes
Turn   | Place    | Note
-------+----------+-------------------------------------------
     0 | D:5      | jfcaron the Gnoll Delver began the quest for the Orb.
     0 | D:5      | Reached XP level 1. HP: 23/23 MP: 1/1
    22 | D:4      | Noticed an ice beast
    22 | D:4      | Noticed an iguana
    38 | D:4      | Found a broken altar of Ashenzari.
    47 | D:4      | Found Fulomor's Antique Weapon Shop.
    71 | D:4      | Found Qeete's Weapon Boutique.
    80 | D:4      | Found a sand-covered staircase.
    85 | Ossuary  | Entered an ossuary
   179 | Ossuary  | Reached XP level 2. HP: 12/29 MP: 2/2
   275 | Ossuary  | Reached XP level 3. HP: 35/35 MP: 2/4
   321 | Ossuary  | Reached skill level 1 in Invocations
   449 | Ossuary  | Reached skill level 1 in Short Blades
   449 | Ossuary  | Reached skill level 1 in Long Blades
   449 | Ossuary  | Reached skill level 1 in Axes
   449 | Ossuary  | Reached skill level 1 in Maces & Flails
   449 | Ossuary  | Reached skill level 1 in Staves
   449 | Ossuary  | Reached skill level 1 in Ranged Weapons
   449 | Ossuary  | Reached skill level 1 in Throwing
   449 | Ossuary  | Reached skill level 1 in Armour
   449 | Ossuary  | Reached skill level 1 in Shields
   449 | Ossuary  | Reached skill level 1 in Unarmed Combat
   449 | Ossuary  | Reached skill level 1 in Spellcasting
   449 | Ossuary  | Reached skill level 1 in Evocations
   529 | Ossuary  | Reached XP level 4. HP: 12/41 MP: 5/5
   669 | Ossuary  | HP: 2/41 [mummy (15)]
   684 | Ossuary  | HP: 4/41 [mummy (2)]
   846 | Ossuary  | HP: 3/41 [mummy (19)]
   849 | Ossuary  | Reached skill level 1 in Conjurations
   849 | Ossuary  | Reached skill level 1 in Hexes
   849 | Ossuary  | Reached skill level 1 in Summonings
   849 | Ossuary  | Reached skill level 1 in Necromancy
   849 | Ossuary  | Reached skill level 1 in Translocations
   849 | Ossuary  | Reached skill level 1 in Transmutations
   849 | Ossuary  | Reached skill level 1 in Fire Magic
   849 | Ossuary  | Reached skill level 1 in Ice Magic
   849 | Ossuary  | Reached skill level 1 in Air Magic
   849 | Ossuary  | Reached skill level 1 in Earth Magic
   849 | Ossuary  | Reached skill level 1 in Poison Magic
  1421 | D:4      | Noticed an ogre
  1423 | D:4      | Reached XP level 5. HP: 45/47 MP: 7/7
  1473 | D:3      | Found a glowing golden altar of the Shining One.
  2344 | D:2      | Found a faded altar of an unknown god.
  2375 | D:2      | Reached XP level 6. HP: 53/53 MP: 8/8
  2959 | D:1      | Reached skill level 5 in Polearms
  2959 | D:1      | Reached skill level 5 in Dodging
  3039 | D:1      | Found Xiffata's Distillery.
  3045 | D:1      | Bought a potion of heal wounds for 50 gold pieces
  3045 | D:1      | Bought a potion of curing for 30 gold pieces
  3045 | D:1      | Bought a potion of degeneration for 10 gold pieces
  3225 | D:1      | Bought 2 potions of mutation for 160 gold pieces
  3225 | D:1      | Bought a potion of flight for 30 gold pieces
  3351 | D:3      | Noticed Jessica
  3357 | D:3      | Identified the +6 war axe of Grandeur {vamp, rN++}
  3367 | D:3      | Killed Jessica
  3546 | D:3      | Noticed an ice beast
  3553 | D:3      | Killed an ice beast
  3843 | D:3      | Found a shimmering blue altar of Sif Muna.
  3982 | D:3      | Found a burning altar of Makhleb.
  3982 | D:3      | Noticed a green death
  3985 | D:3      | Noticed a ynoxinul
  3985 | D:3      | Noticed an orange demon
  3987 | D:3      | Became a worshipper of Makhleb the Destroyer
  4058 | D:4      | Reached XP level 7. HP: 60/60 MP: 10/10
  4116 | D:4      | Found Unioghoc's Antique Weapon Boutique.
  4177 | D:4      | Found Elihuh's Jewellery Shop.
  4184 | D:4      | Found a shadowy altar of Dithmenos.
  4220 | D:4      | Noticed Edmund
  4234 | D:4      | Killed Edmund
  4235 | D:4      | Reached skill level 10 in Stealth
  4445 | D:4      | Reached * piety under Makhleb
  4537 | D:5      | Reached XP level 8. HP: 67/67 MP: 12/12
  4549 | D:5      | Noticed SirLogeyBear's ghost (novice HOBe)
  4764 | D:5      | Found a runed translucent gate.
  4764 | D:5      | Found a runed translucent gate.
  4764 | D:5      | Found a runed translucent gate.
  5247 | D:6      | Noticed Blork the orc
  5258 | D:6      | Killed Blork the orc
  5351 | D:6      | Reached XP level 9. HP: 73/73 MP: 14/14
  5352 | D:6      | Found a staircase to the Ecumenical Temple.
  5527 | D:6      | Reached ** piety under Makhleb
  5739 | D:6      | Found a stormy altar of Qazlal.
  6067 | D:4      | Bought a crude shortbow for 216 gold pieces
  6067 | D:4      | Identified the +4 shortbow of Juoso {drain, Dex+5} (You
                  | bought it in a shop on level 4 of the Dungeon)
  6163 | D:7      | Reached skill level 5 in Invocations
  6202 | D:7      | Found an iron altar of Okawaru.
  6271 | D:7      | Got the Directory of the Mortuary Welkin
  6415 | D:7      | Noticed Duvessa
  6433 | D:7      | Noticed Dowan
  6438 | D:7      | Killed Duvessa
  6442 | D:7      | Killed Dowan
  6443 | D:7      | Reached skill level 5 in Short Blades
  6443 | D:7      | Reached skill level 5 in Long Blades
  6443 | D:7      | Reached skill level 5 in Axes
  6443 | D:7      | Reached skill level 5 in Maces & Flails
  6443 | D:7      | Reached skill level 5 in Staves
  6443 | D:7      | Reached skill level 5 in Ranged Weapons
  6443 | D:7      | Reached skill level 5 in Throwing
  6443 | D:7      | Reached skill level 5 in Armour
  6443 | D:7      | Reached skill level 5 in Shields
  6443 | D:7      | Reached skill level 5 in Unarmed Combat
  6443 | D:7      | Reached skill level 5 in Spellcasting
  6443 | D:7      | Reached skill level 5 in Evocations
  6457 | D:7      | Reached XP level 10. HP: 81/81 MP: 17/17
  6784 | D:8      | Reached *** piety under Makhleb
  7195 | D:8      | Found an ornate altar of the Wu Jian Council.
  7479 | D:9      | Learned a level 2 spell: Passwall
  7675 | D:9      | Found a runed translucent gate.
  7675 | D:9      | Found a runed translucent gate.
  7677 | D:9      | Found a runed translucent gate.
  7677 | D:9      | Noticed a cyclops
  7679 | D:9      | Noticed foxicus's ghost (journeyman HOFi)
  7687 | D:9      | Noticed a skeletal warrior
  7689 | D:9      | Noticed a skeletal warrior
  7690 | D:9      | Noticed a skeletal warrior
  7694 | D:9      | HP: 15/82 [skeletal warrior/+0 trident (26)]
  7732 | D:8      | Killed a skeletal warrior
  7780 | D:9      | Found a sacrificial altar of Ru.
  7910 | D:9      | Paralysed by a hornet for 3 turns
  8024 | D:9      | Killed a skeletal warrior
  8025 | D:9      | Reached skill level 5 in Conjurations
  8025 | D:9      | Reached skill level 5 in Hexes
  8025 | D:9      | Reached skill level 5 in Summonings
  8025 | D:9      | Reached skill level 5 in Necromancy
  8025 | D:9      | Reached skill level 5 in Translocations
  8025 | D:9      | Reached skill level 5 in Transmutations
  8025 | D:9      | Reached skill level 5 in Fire Magic
  8025 | D:9      | Reached skill level 5 in Ice Magic
  8025 | D:9      | Reached skill level 5 in Air Magic
  8025 | D:9      | Reached skill level 5 in Earth Magic
  8025 | D:9      | Reached skill level 5 in Poison Magic
  8025 | D:9      | Reached XP level 11. HP: 70/89 MP: 18/20
  8180 | D:9      | Killed a skeletal warrior
  8679 | D:5      | Killed SirLogeyBear's ghost
  8931 | D:10     | Entered Level 10 of the Dungeon
  9257 | D:10     | Found a hide-covered altar of Uskayaw.
  9335 | D:10     | Found a white marble altar of Elyvilon.
  9433 | D:10     | Found a blossoming altar of Fedhas.
  9904 | D:11     | Found Iselet's Armour Emporium.
  9904 | D:11     | Found a staircase to the Orcish Mines.
  9904 | D:11     | Found Vejud's Weapon Emporium.
 10076 | D:11     | Found a staircase to the Lair.
 10076 | D:11     | Noticed an oklob plant
 10172 | D:11     | Noticed a cyan ugly thing
 10184 | D:11     | Noticed a two-headed ogre
 10185 | D:11     | Reached **** piety under Makhleb
 10190 | D:11     | Killed a cyan ugly thing
 10194 | D:11     | Killed a two-headed ogre
 10822 | D:11     | Killed an oklob plant
 11075 | D:12     | Noticed a white ugly thing
 11083 | D:12     | Killed a white ugly thing
 11094 | D:12     | Noticed a centaur warrior
 11099 | D:12     | Killed a centaur warrior
 11100 | D:12     | Noticed a cyclops
 11103 | D:12     | Killed a cyclops
 11145 | D:12     | Noticed a manticore
 11154 | D:12     | Killed a manticore
 11155 | D:12     | Reached XP level 12. HP: 71/97 MP: 22/22
 12090 | D:11     | Found Aschif's Antique Armour Shoppe.
 12229 | D:11     | Noticed a boulder beetle
 12278 | D:11     | Killed a boulder beetle
 12279 | D:11     | Reached skill level 10 in Fighting
 12864 | Orc:1    | Entered Level 1 of the Orcish Mines
 13085 | Orc:2    | Entered Level 2 of the Orcish Mines
 13085 | Orc:2    | Found a staircase to the Elven Halls.
 13118 | D:11     | Bought +0 gold dragon scales for 1120 gold pieces
 13223 | Orc:2    | Reached ***** piety under Makhleb
 13263 | Orc:1    | Noticed Urug
 13276 | Orc:1    | Your ally Urug died
 13350 | Orc:1    | Found the +4 robe of Folly {Brill Will-∞ Int+8}
 13510 | Orc:2    | Found Sahug's Assorted Antiques.
 13562 | Orc:2    | HP: 15/98 [orc warrior/+0 trident (21)]
 13721 | Orc:2    | Found Cuecw's Antique Weapon Boutique.
 13726 | Orc:2    | Bought a scroll labelled XOASYT YZAKIVA for 41 gold pieces
 13726 | Orc:2    | Bought a scroll labelled ACVEIS HOACEHOIPS for 41 gold
                  | pieces
 13783 | Orc:2    | Reached XP level 13. HP: 104/104 MP: 25/25
 14006 | Orc:2    | Found Zuubbaps's Distillery.
 14006 | Orc:2    | Found Mamuob's Assorted Antiques.
 14012 | Orc:2    | Bought a potion of heal wounds for 75 gold pieces
 14012 | Orc:2    | Bought a potion of heal wounds for 75 gold pieces
 14012 | Orc:2    | Bought a potion of curing for 45 gold pieces
 14746 | Orc:2    | Bought a gold wand for 112 gold pieces
 15011 | D:1      | Bought a potion of cancellation for 80 gold pieces
 15011 | D:1      | Bought a potion of resistance for 100 gold pieces
 15219 | Lair:1   | Entered Level 1 of the Lair of Beasts
 15232 | Lair:1   | Noticed Grum
 15247 | Lair:1   | Killed Grum
 15365 | Lair:1   | Noticed Harold
 15394 | Lair:1   | Killed Harold
 15544 | Lair:1   | Noticed Erica
 15570 | Lair:1   | Noticed Fannar
 15694 | Lair:1   | Killed Fannar
 15734 | Lair:1   | Reached skill level 10 in Polearms
 15734 | Lair:1   | Reached skill level 10 in Dodging
 15919 | Lair:1   | Killed Erica
 16181 | Lair:2   | Identified the ring of Sif Muna's Benevolence {rF+ AC+4
                  | Str-2 SInv}
 16231 | Lair:2   | Found a staircase to the Snake Pit.
 16424 | Lair:2   | Identified the +3 dagger "Illiurij" {freeze, *Noise Will++}
 16545 | Lair:2   | Reached skill level 10 in Invocations
 16545 | Lair:2   | Reached XP level 14. HP: 112/113 MP: 27/27
 16824 | Lair:2   | Reached ****** piety under Makhleb
 16998 | Lair:2   | Found a staircase to the Swamp.
 17552 | Orc:2    | Bought a steaming morningstar for 198 gold pieces
 17552 | Orc:2    | Identified the +7 morningstar of the Sky {venom, rF+
                  | Stlth+} (You bought it in a shop on level 2 of the Orcish
                  | Mines)
 18381 | Lair:3   | Noticed a tentacled starspawn
 18386 | Lair:3   | Noticed mrw3rdna's ghost (journeyman SpEn)
 18392 | Lair:3   | Found a one-way gate to the infinite horrors of the Abyss.
 18404 | Lair:3   | Found the +8 demon trident "Rift" {distort, reach+}
 18415 | Lair:3   | Found a transporter.
 18420 | Lair:3   | Found a transporter.
 18786 | Lair:3   | Killed a tentacled starspawn
 18819 | Lair:3   | Killed mrw3rdna's ghost
 19212 | D:11     | Bought 4 stones for 5 gold pieces
 19212 | D:11     | Bought 7 stones for 9 gold pieces
 19729 | Lair:4   | Identified a scroll of acquirement
 19730 | Lair:4   | Acquired 1213 gold pieces
 19909 | Orc:2    | Bought a pair of boots for 126 gold pieces
 19909 | Orc:2    | Bought 2 scrolls of teleportation for 168 gold pieces
 19923 | Orc:2    | Bought a potion of ambrosia for 120 gold pieces
 19923 | Orc:2    | Bought a potion of haste for 150 gold pieces
 20165 | Lair:4   | Got Quiju's Excursus on the Sepulchral Fairies
 20290 | Lair:4   | Reached skill level 10 in Short Blades
 20290 | Lair:4   | Reached skill level 10 in Long Blades
 20290 | Lair:4   | Reached skill level 10 in Axes
 20290 | Lair:4   | Reached skill level 10 in Maces & Flails
 20290 | Lair:4   | Reached skill level 10 in Staves
 20290 | Lair:4   | Reached skill level 10 in Ranged Weapons
 20290 | Lair:4   | Reached skill level 10 in Throwing
 20290 | Lair:4   | Reached skill level 10 in Armour
 20290 | Lair:4   | Reached skill level 10 in Shields
 20290 | Lair:4   | Reached skill level 10 in Unarmed Combat
 20290 | Lair:4   | Reached skill level 10 in Spellcasting
 20290 | Lair:4   | Reached skill level 10 in Evocations
 20749 | Lair:5   | Entered Level 5 of the Lair of Beasts
 20766 | Lair:5   | Found a viscous altar of Jiyva.
 20766 | Lair:5   | Found a staircase to the Slime Pits.
 20823 | Lair:5   | Reached XP level 15. HP: 120/120 MP: 29/29
 22096 | Orc:2    | Bought a wand of quicksilver (5) for 861 gold pieces
 22373 | D:13     | Found Xonkan's Demolitions Depot.
 22546 | D:13     | Noticed a frost giant
 22567 | D:13     | Killed a frost giant
 23216 | D:13     | Found a gate to the Vaults.
 23222 | Abyss:2  | Cast into level 2 of the Abyss (a wizard)
 23273 | Abyss:2  | Found a corrupted altar of Lugonu.
 23284 | Abyss:2  | Found a corrupted altar of Lugonu.
 23284 | Abyss:2  | Found a corrupted altar of Lugonu.
 23349 | Abyss:2  | HP: 21/122 [sixfirhy (9)]
 23353 | Abyss:2  | Reached XP level 16. HP: 49/129 MP: 30/30
 23397 | Abyss:2  | Noticed an Executioner
 23440 | Abyss:3  | Found a corrupted altar of Lugonu.
 23445 | Abyss:3  | Found a corrupted altar of Lugonu.
 23477 | Abyss:3  | Noticed a tentacled starspawn
 23481 | Abyss:3  | Found a corrupted altar of Lugonu.
 23498 | Abyss:3  | Noticed a tentacled starspawn
 23500 | D:13     | Escaped the Abyss
 23633 | D:13     | Bought a wand of roots (6) for 187 gold pieces
 23691 | D:14     | Found a gate leading to a gauntlet.
 23709 | Gauntlet | Entered a Gauntlet
 23709 | Gauntlet | Found a large runed translucent door.
 23709 | Gauntlet | Found a large runed translucent door.
 23709 | Gauntlet | Found a large runed translucent door.
 23709 | Gauntlet | Found a large runed translucent door.
 23709 | Gauntlet | Found a runed translucent door.
 23709 | Gauntlet | Found a large runed translucent door.
 23709 | Gauntlet | Found a large runed translucent door.
 23709 | Gauntlet | Found a transporter.
 23709 | Gauntlet | Found a transporter.
 23709 | Gauntlet | Found a large runed translucent door.
 23709 | Gauntlet | Found a large runed translucent door.
 23709 | Gauntlet | Found a runed translucent gate.
 23709 | Gauntlet | Found a runed translucent gate.
 23709 | Gauntlet | Found a transporter.
 23710 | Gauntlet | Found a transporter.
 23713 | Gauntlet | Found a transporter.
 23713 | Gauntlet | Found a transporter.
 23723 | Gauntlet | Found a transporter.
 23727 | Gauntlet | Found a transporter.
 23743 | Gauntlet | Found a transporter.
 23745 | Gauntlet | Found a transporter.
 23761 | Gauntlet | Found a transporter.
 23765 | Gauntlet | Found a transporter.
 23781 | Gauntlet | Found a runed translucent gate.
 23782 | Gauntlet | Found a large runed translucent door.
 23782 | Gauntlet | Found a large runed translucent door.
 23783 | Gauntlet | Found a large runed translucent door.
 23784 | Gauntlet | Found a large runed translucent door.
 23785 | Gauntlet | Found a large runed translucent door.
 23785 | Gauntlet | Found a large runed translucent door.
 23785 | Gauntlet | Found a runed translucent door.
 23786 | Gauntlet | Found a large runed translucent door.
 23787 | Gauntlet | Found a large runed translucent door.
 24052 | Gauntlet | Identified the +2 cloak of Inviolability {Drain +Inv Will++
                  | Regen+}
 24194 | Gauntlet | Identified the +1 pair of boots of Ofaetini {Regen+ Str+2}
 24369 | D:11     | Learned a level 2 spell: Blink
 24747 | D:14     | Noticed Rupert
 24756 | D:14     | Killed Rupert
 25355 | D:15     | Entered Level 15 of the Dungeon
 25652 | D:15     | Found a staircase to the Depths.
 25913 | D:15     | Learned a level 1 spell: Apportation
 26401 | D:9      | Banished foxicus's ghost
 26864 | Snake:1  | Entered Level 1 of the Snake Pit
 27216 | Snake:1  | Noticed Azrael
 27234 | Snake:1  | Banished Azrael
 27476 | Snake:1  | Found Viten's CLEARANCE SALE!.
 27481 | Snake:1  | Bought 3 poisoned darts for 5 gold pieces
 27666 | Snake:1  | Reached XP level 17. HP: 135/137 MP: 18/32
 27963 | Snake:2  | Found Kealouxunk's Weapon Emporium.
 28060 | Snake:2  | Reached skill level 10 in Conjurations
 28060 | Snake:2  | Reached skill level 10 in Hexes
 28060 | Snake:2  | Reached skill level 10 in Summonings
 28060 | Snake:2  | Reached skill level 10 in Necromancy
 28060 | Snake:2  | Reached skill level 10 in Translocations
 28060 | Snake:2  | Reached skill level 10 in Transmutations
 28060 | Snake:2  | Reached skill level 10 in Fire Magic
 28060 | Snake:2  | Reached skill level 10 in Ice Magic
 28060 | Snake:2  | Reached skill level 10 in Air Magic
 28060 | Snake:2  | Reached skill level 10 in Earth Magic
 28060 | Snake:2  | Reached skill level 10 in Poison Magic
 28100 | Snake:2  | Bought a throwing net for 54 gold pieces
 28354 | D:13     | Bought a condenser vane for 520 gold pieces
 28556 | Snake:2  | Reached skill level 15 in Stealth
 29279 | Snake:3  | Found an ornate altar of the Wu Jian Council.
 29763 | Snake:3  | Found Vim Wosh's Book Emporium.
 30046 | Snake:4  | Entered Level 4 of the Snake Pit
 30124 | Snake:4  | Found Baofuehe's Weapon Boutique.
 30134 | Snake:4  | Found Zouc's Antique Armour Shop.
 30570 | Snake:3  | Bought a book of Changes for 180 gold pieces
 30573 | Snake:3  | Learned a level 2 spell: Wereblood
 31025 | Snake:4  | Reached XP level 18. HP: 133/146 MP: 34/34
 31036 | Snake:4  | HP: 20/146 [naga warrior/+0 war axe (11)]
 31039 | Snake:4  | HP: 5/146 [constriction (7)]
 31050 | Snake:4  | HP: 24/146 [sea snake (14)]
 31177 | Snake:4  | Got a serpentine rune of Zot
 31372 | Swamp:1  | Entered Level 1 of the Swamp
 31552 | Swamp:1  | Noticed Nikola
 31563 | Swamp:1  | Killed Nikola
 32395 | Swamp:2  | Identified the +0 robe of the Fife {Int+4}
 32673 | Swamp:3  | Noticed a tentacled monstrosity
 32676 | Swamp:3  | Banished a tentacled monstrosity
 32717 | Swamp:3  | Found a runed translucent gate.
 32730 | Swamp:3  | Found a runed translucent gate.
 32731 | Swamp:3  | Found a runed translucent gate.
 32739 | Swamp:3  | Noticed Jadoobi's ghost (adept MiBe)
 32739 | Swamp:3  | Noticed Wiggles's ghost (adept MiBe)
 32739 | Swamp:3  | Noticed Cheops's ghost (adept NaIE)
 32901 | Swamp:3  | Noticed Mlioglotl
 32915 | Swamp:3  | Killed Mlioglotl
 33259 | Swamp:3  | Banished Cheops's ghost
 33268 | Swamp:3  | Killed Jadoobi's ghost
 33269 | Swamp:3  | Banished Wiggles's ghost
 33278 | Swamp:3  | Identified the ring "Miagorup" {AC+4 Dex+3}
 33329 | Swamp:4  | Entered Level 4 of the Swamp
 33439 | Swamp:4  | Reached XP level 19. HP: 153/153 MP: 36/36
 33972 | Swamp:4  | Found a blossoming altar of Fedhas.
 34104 | Swamp:4  | Found a basalt altar of Yredelemnul.
 34118 | Swamp:4  | Got a decaying rune of Zot
 34618 | Vaults:1 | Entered Level 1 of the Vaults
 34745 | Vaults:1 | Found Fuorhoru's Weapon Shop.
 34765 | Vaults:1 | Bought 3 stones for 5 gold pieces
 34765 | Vaults:1 | Bought 2 stones for 3 gold pieces
 35164 | Vaults:1 | Got Sif Muna's Handbook of the Torch and Hypothermia
 35268 | Vaults:1 | Found Orchy's Weapon Boutique.
 35277 | Vaults:1 | Bought 2 javelins for 66 gold pieces
 35277 | Vaults:1 | Bought 7 stones for 7 gold pieces
 35277 | Vaults:1 | Bought 3 curare-tipped darts for 39 gold pieces
 35280 | Vaults:1 | Found Pat Wily's Jewellery Boutique.
 35412 | Vaults:1 | Reached skill level 15 in Fighting
 35806 | Vaults:2 | Noticed Sojobo
 35817 | Vaults:2 | Killed Sojobo
 35833 | Vaults:2 | Reached skill level 15 in Invocations
 35890 | Vaults:2 | HP: 20/155 [ironbound thunderhulk/bolt of lightning (22)]
 36055 | Vaults:1 | Bought the ring "Qiosig" {rElec Int+6 Dex+3 Stlth-} for 549
                  | gold pieces
 36108 | Vaults:2 | Reached XP level 20. HP: 161/162 MP: 37/37
 36253 | Vaults:2 | Noticed Xtahua
 36256 | Vaults:2 | Banished Xtahua
 36330 | Vaults:2 | Noticed Boris
 36334 | Vaults:2 | Banished Boris
 36418 | Vaults:2 | Noticed Donald
 36424 | Vaults:2 | Killed Donald
 36636 | Vaults:2 | You fall into a shaft and drop 1 floor!
 37055 | Vaults:2 | Reached skill level 15 in Polearms
 37055 | Vaults:2 | Reached skill level 15 in Dodging
 37363 | Vaults:3 | Noticed Zenata
 37364 | Vaults:3 | Noticed Frederick
 37374 | Vaults:3 | Killed Frederick
 37379 | Vaults:3 | Killed Zenata
 37419 | Vaults:3 | Identified the +2 dagger of Immorality {holy, rF+ rC+ Will+
                  | Stlth-}
 37730 | Vaults:3 | Found a staircase to the Crypt.
 37848 | Vaults:3 | Identified the +5 chain mail "Jobriom" {Will+++ Dex+5}
 37963 | Vaults:3 | Reached XP level 21. HP: 170/170 MP: 39/39
 38356 | Vaults:3 | Got the Guide on Beguiling
 38374 | Vaults:3 | Learned a level 3 spell: Vhi's Electric Charge
 38937 | Vaults:4 | Noticed Mara
 38942 | Vaults:4 | Noticed jfcaron's illusion
 38947 | Vaults:4 | Killed Mara
 39006 | Vaults:4 | Noticed Saint Roka
 39043 | Vaults:4 | Killed Saint Roka
 39470 | Vaults:4 | Reached skill level 15 in Short Blades
 39470 | Vaults:4 | Reached skill level 15 in Long Blades
 39470 | Vaults:4 | Reached skill level 15 in Axes
 39470 | Vaults:4 | Reached skill level 15 in Maces & Flails
 39470 | Vaults:4 | Reached skill level 15 in Staves
 39470 | Vaults:4 | Reached skill level 15 in Ranged Weapons
 39470 | Vaults:4 | Reached skill level 15 in Throwing
 39470 | Vaults:4 | Reached skill level 15 in Armour
 39470 | Vaults:4 | Reached skill level 15 in Shields
 39470 | Vaults:4 | Reached skill level 15 in Unarmed Combat
 39470 | Vaults:4 | Reached skill level 15 in Spellcasting
 39470 | Vaults:4 | Reached skill level 15 in Evocations
 39840 | Vaults:4 | Found a portal to a secret trove of treasure.
 39844 | Vaults:4 | jfcaron: ??order
 39844 | Vaults:4 | beem: hyperelliptic[1/2]: D:11 -> Lair -> D:12 -> Orc ->
                  | D:15 -> S:3 -> maybe other S:3 -> get both S runes -> maybe
                  | Elf (but not the Elf:3 vault) -> Vaults:4 -> maybe Crypt ->
                  | Depths:4 -> Vaults:5 -> maybe Slime -> Zot ("S" means
                  | Shoals/Snake/Spider/Swamp)
 40035 | Elf:1    | Entered Level 1 of the Elven Halls
 40035 | Elf:1    | Found a runed translucent gate.
 40035 | Elf:1    | Found a runed translucent gate.
 40035 | Elf:1    | Found a runed translucent gate.
 40035 | Elf:1    | Found a runed translucent gate.
 40035 | Elf:1    | Found a runed translucent gate.
 40035 | Elf:1    | Found a runed translucent gate.
 40036 | Elf:1    | Found a runed translucent door.
 40048 | Elf:1    | Found a runed translucent door.
 40231 | Elf:1    | Got the Elucidation of Phantasmal Bolts
 40402 | Elf:1    | Learned a level 4 spell: Dispel Undead
 40672 | Elf:1    | Got the Tractate on Charms
 41116 | Elf:1    | Paralysed by an air elemental for 1 turns
 41187 | Elf:1    | Reached XP level 22. HP: 179/179 MP: 41/41
 41348 | Elf:2    | Identified Roxanne's Annotations on the Switch
 41348 | Elf:2    | Noticed Roxanne
 41357 | Elf:2    | Banished Roxanne
 41379 | Elf:2    | Found Siruferoi's Weapon Emporium.
 41380 | Elf:2    | Found Ytehoefe's Antique Armour Boutique.
 41398 | Elf:2    | Bought a transparent helmet for 313 gold pieces
 41398 | Elf:2    | Identified the +0 helmet "Tib Xuz" {Rampage Int-4 Dex+5}
                  | (You bought it in a shop on level 2 of the Elven Halls)
 41487 | Elf:2    | Found Leloddia's Armour Shoppe.
 41589 | Elf:2    | Found a runed translucent gate.
 41590 | Elf:2    | Found a runed translucent gate.
 41590 | Elf:2    | Found a runed translucent gate.
 41664 | Elf:2    | Found Buedwex's Armour Emporium.
 41674 | Elf:2    | Found Qealun's Antique Weapon Boutique.
 42279 | Elf:3    | Entered Level 3 of the Elven Halls
 42281 | Elf:3    | Found Itwot's Antique Weapon Emporium.
 42309 | Elf:3    | Found an ancient bone altar of Kikubaaqudgha.
 42345 | Elf:3    | Found a frozen archway.
 42382 | IceCv    | Entered an ice cave
 42655 | IceCv    | Found a viscous altar of Jiyva.
 42697 | IceCv    | Identified the +7 ice dragon scales "Fusmab" {rF- rC++
                  | SInv}
 43084 | Elf:3    | Found the +6 arbalest "Damnation" {damnation}
 43589 | Elf:3    | Identified the +2 pair of gloves "Haibeg" {rPois rF- Int+2
                  | Stlth+}
 43681 | Elf:3    | Identified the +3 leather armour of Gravity {Harm rC+++
                  | Will- Stlth+}
 43976 | Elf:3    | Got the Compilation of Blasting
 44030 | Elf:3    | Reached XP level 23. HP: 187/187 MP: 36/42
 44064 | Elf:3    | Identified the amulet "Vemere" {RegenMP +Inv rF+}
 44531 | Crypt:1  | Entered Level 1 of the Crypt
 45661 | Crypt:2  | Reached skill level 15 in Air Magic
 46527 | Crypt:3  | Entered Level 3 of the Crypt
 46615 | Crypt:3  | Found a magical portal.
 46634 | WizLab   | Entered Wucad Mu's Monastery
 46858 | WizLab   | Found the crystal ball of Wucad Mu {*channel}
 47013 | WizLab   | Reached XP level 24. HP: 195/195 MP: 43/43
 47243 | Crypt:3  | Found a staircase to the Tomb.
 47737 | Crypt:3  | Identified the ring "Jiciebre" {Drain rElec rPois rN+
                  | Will+++}
 47949 | Crypt:3  | Learned a level 5 spell: Silence
 47955 | Crypt:3  | Learned a level 5 spell: Summon Mana Viper
 48043 | Crypt:3  | Identified the +8 quarterstaff of Ugingoa {heavy, rElec rC+
                  | rN+ Dex+3}
 48043 | Crypt:3  | Identified the ring of Hocos {rF+ rN+ Will+ Dex+2}
 48089 | Crypt:3  | Noticed a royal mummy
 48134 | Crypt:3  | Killed a royal mummy
 48197 | Crypt:3  | Identified the ring "Acedair" {rN+ Int+3}
 48328 | Crypt:3  | Reached XP level 25. HP: 201/201 MP: 44/44
 48639 | Crypt:3  | Identified the +0 morningstar "Lacertilianbane" {vamp,
                  | Fragile rCorr Dex+3}
 48660 | Crypt:3  | Identified the amulet "Zakhlorao" {Acrobat rElec Will+
                  | Dex-2 SInv}
 49001 | Depths:1 | Entered Level 1 of the Depths
 49030 | Depths:1 | Found a shimmering altar of Xom.
 49633 | Depths:1 | Noticed Margery
 49635 | Depths:1 | Found a gateway to Hell.
 49644 | Depths:1 | Killed Margery
 50111 | Depths:2 | Found a one-way gate leading to the halls of Pandemonium.
 50371 | Depths:2 | Found a one-way gateway to a ziggurat.
 50410 | Depths:2 | Found a large runed translucent door.
 50411 | Depths:2 | Found a large runed translucent door.
 50961 | Depths:2 | Noticed Sulo Conyim's ghost (veteran GnDe)
 50974 | Depths:2 | Killed Sulo Conyim's ghost
 51531 | Depths:3 | Identified the +8 falchion of Xeiwki {elec, Int+4}
 51647 | Depths:3 | Found a faded altar of an unknown god.
 51666 | Depths:3 | Noticed Parghit
 51689 | Depths:3 | Identified the ring "Muotygri" {Ice Drain Int+5}
 51689 | Depths:3 | Noticed Josephina
 51729 | Depths:2 | Killed Josephina
 51845 | Depths:3 | Killed Parghit
 52254 | Depths:4 | Entered Level 4 of the Depths
 52643 | Depths:4 | Reached XP level 26. HP: 213/213 MP: 45/45
 52701 | Depths:4 | Found a gate to the Realm of Zot.
 54047 | Vaults:4 | You paid a toll of a +7 demon whip to enter a treasure
                  | trove
 54048 | Trove    | Entered a treasure trove
 54053 | Trove    | Identified the +7 falchion "Uhimmaal" {venom, *Corrode
                  | rElec rF+ Stlth+}
 54057 | Trove    | Identified the +9 broad axe of Wyrd {drain, *Noise rPois
                  | Will+}
 54059 | Trove    | Identified the +3 lajatang "Ubyclig" {elec, Fly rN+}
 54065 | Trove    | Identified the +1 executioner's axe "Uckiu" {protect,
                  | rPois}
 55157 | Slime:1  | Entered Level 1 of the Pits of Slime
 55394 | Slime:3  | Gained mutation: You are occasionally teleported next to
                  | monsters. [a shining eye]
 55489 | Slime:4  | Gained mutation: Your body sometimes deteriorates upon
                  | taking damage. [a shining eye]
 55516 | Slime:5  | Entered Level 5 of the Pits of Slime
 55547 | Slime:5  | Reached skill level 15 in Conjurations
 55547 | Slime:5  | Reached skill level 15 in Hexes
 55547 | Slime:5  | Reached skill level 15 in Summonings
 55547 | Slime:5  | Reached skill level 15 in Necromancy
 55547 | Slime:5  | Reached skill level 15 in Translocations
 55547 | Slime:5  | Reached skill level 15 in Transmutations
 55547 | Slime:5  | Reached skill level 15 in Fire Magic
 55547 | Slime:5  | Reached skill level 15 in Ice Magic
 55547 | Slime:5  | Reached skill level 15 in Earth Magic
 55547 | Slime:5  | Reached skill level 15 in Poison Magic
 55619 | Slime:5  | Found a viscous altar of Jiyva.
 55619 | Slime:5  | Noticed the Royal Jelly
 55666 | Slime:5  | HP: 38/213 [quicksilver ooze[the Royal Jelly] (5)]
 55755 | Slime:5  | Killed the Royal Jelly
 56160 | Slime:5  | Identified the +2 helmet "Mett" {Dex+4}
 56180 | Slime:5  | Got a slimy rune of Zot
 56250 | Slime:5  | Identified the staff of earth "Ziva" {rN+}
 56253 | Slime:5  | Identified the staff of death "Vulen" {rElec rN+ Int+2
                  | Stlth+}
 56857 | Vaults:5 | Entered Level 5 of the Vaults
 56885 | Vaults:5 | Got Juyngeke's Reference Book on Mutable Unhallowed Arts
 56887 | Vaults:5 | Identified the +1 scale mail of the Sky {Harm Drain Regen+
                  | Str+5}
 56929 | Vaults:5 | Lost mutation: You are occasionally teleported next to
                  | monsters. [potion of mutation]
 56929 | Vaults:5 | Lost mutation: Your body sometimes deteriorates upon taking
                  | damage. [potion of mutation]
 56929 | Vaults:5 | Gained mutation: Your flesh is heat resistant. (rF+)
                  | [potion of mutation]
 56929 | Vaults:5 | Lost mutation: Your flesh is heat resistant. (rF+) [potion
                  | of mutation]
 57352 | Vaults:5 | Noticed a dread lich
 57362 | Vaults:5 | Killed a dread lich
 57758 | Vaults:5 | Identified the amulet of Fefim {Faith Regen+}
 57769 | Vaults:5 | Identified the +7 plate armour of Tender Moments {Will+}
 58359 | Vaults:5 | Reached XP level 27. HP: 221/221 MP: 46/46
 58547 | Vaults:5 | Noticed Mennas
 58556 | Vaults:5 | Banished Mennas
 58593 | Vaults:5 | Got Sif Muna's Tome of Degeneration and Ashes
 58609 | Vaults:5 | Identified the amulet "Ataitoq" {RegenMP rCorr Int+2 Slay-3
                  | SInv}
 58734 | Vaults:5 | Identified the scarf of Beyond {harm, rN+ Slay-5 SInv
                  | Stlth+}
 58761 | Vaults:5 | Noticed an ancient lich
 58784 | Vaults:5 | Killed an ancient lich
 58889 | Vaults:5 | Identified the +3 dagger "Yskas" {heavy, *Corrode rElec rF-
                  | rN+++}
 58891 | Vaults:5 | Noticed an ancient lich
 58905 | Vaults:5 | Killed an ancient lich
 58926 | Vaults:5 | Got a silver rune of Zot
 58947 | Vaults:5 | Identified the staff of cold "Retad" {rElec rC+ Str+2 Dex-4
                  | SInv}
 59025 | Vaults:5 | Identified the +5 arbalest "Tatyi" {antimagic, Dex+4}
 59036 | Vaults:5 | Identified the +6 hand axe of Circular Logic {freeze, rF+
                  | rCorr Int-4 Dex+4}
 59115 | Vaults:5 | Identified the +9 ring mail "Ohirixu" {rC+ Str+2}
 59851 | Zot:1    | Entered Level 1 of the Realm of Zot
 60267 | Zot:5    | Entered Level 5 of the Realm of Zot
 61802 | Zot:3    | Learned a level 5 spell: Irradiate
 62830 | Zot:2    | Found a sacrificial altar of Ru.
 63419 | Zot:2    | Found a basalt altar of Yredelemnul.
 65894 | Orc:1    | Learned a level 9 spell: Shatter
 67431 | Zot:5    | Noticed an orb of fire
 67440 | Zot:5    | Gained mutation: You occasionally shout uncontrollably at
                  | your foes. [an orb of fire]
 67446 | Zot:5    | Banished an orb of fire
 67645 | Zot:5    | Noticed an ancient lich
 67660 | Zot:5    | Banished an ancient lich
 68346 | Zot:5    | Noticed an ancient lich
 68353 | Zot:5    | Killed an ancient lich
 68594 | Zot:5    | Noticed an orb of fire
 68606 | Zot:5    | Killed an orb of fire
 68608 | Zot:5    | Noticed an orb of fire
 68613 | Zot:5    | Gained mutation: You are clumsy. (Dex -2) [an orb of fire]
 68615 | Zot:5    | Killed an orb of fire
 68692 | Zot:5    | Noticed a dread lich
 68699 | Zot:5    | Killed a dread lich
 68735 | Zot:5    | Noticed an orb of fire
 68746 | Zot:5    | Killed an orb of fire
 69535 | Zot:5    | Got the Orb of Zot
 69553 | Zot:4    | Noticed Zytayx the pandemonium lord
 70074 | D:$      | Escaped with the Orb!

Illustrated notes

Levels and vault maps discovered:
D:1:      heliophobic_arrival_battle_scene, layout_rooms, serial_shops,
          nicolae_shop_just_a_little_nook
D:2:      layout_basic, shapermc_ecumenical_altar_flowoftime
D:3:      layout_loops_ring, mainiacjoe_overflow_six_doors_small,
          makhleb_altar_promises_db, mainiacjoe_overflow_brackets, uniq_jessica
D:4:      layout_rooms, ashenzari_conservatory_becter, grunt_dithmenos_smoke,
          enter_ossuary_2, serial_shops, nicolae_shop_back_alley_shop,
          kennysheep_mini_moat, nicolae_shop_tiny_glass, shop,
          chequers_decorated_corner, uniq_edmund
D:5:      layout_basic, gammafunk_ghost_icy
D:6:      layout_loops_cross, nicolae_qazlal_beasts_of_the_sky, temple_pool_b,
          minmay_misc_feat_tiny, minmay_misc_feat_iff, grunt_ministairs_12,
          reono_crystal_passage, uniq_blork_the_orc
D:7:      layout_cave_pools, okawaru_gym_becter, serial_column_ruins,
          column_ruins_hut_pillars, column_ruins_hut, column_ruins_open_tiny,
          column_ruins_grid_1, column_ruins_grid_1, column_ruins_grid_3,
          column_ruins_open_medium, column_ruins_columns_straight, uniq_duvessa
D:8:      layout_gridville, pdpol_wu_jian_five_deadly_venoms,
          nicolae_concentric_dashed_squares_mild
D:9:      layout_loops_cross, lemuel_round_altar, gammafunk_ghost_split
D:10:     layout_stronghold, elyvilon_altar_5, overflow_temple_1_default,
          general_overflow_altar
D:11:     minmay_polygon_palace, layout_basic, dpeg_oklobed_lair, orc_david_3,
          serial_shops, nicolae_shop_real_fake_doors
D:12:     layout_layer_cave, minmay_misc_feat_rows, nicolae_water_bricks
D:13:     minmay_bad_star, layout_stronghold, grunt_vaults_entry_tiered,
          serial_park_tiny_2, nicolae_blasting_shop
D:14:     layout_stronghold, gauntlet_entry_generic, hex_tiny, uniq_rupert
D:15:     grunt_enter_depths_giant_problem, layout_loops_corners,
          minmay_misc_feat_alley
Lair:1:   layout_gridlike, chequers_serial_rivers_micro_b, uniq_erica,
          uniq_harold, uniq_fannar, uniq_grum
Lair:2:   layout_gridlike, minmay_swamp_entry_worms, nicolae_snake_entry_squirm,
          st_stairs_12, chequers_serial_rivers_room_a, serial_bayou_pond_e,
          forest_entry_grove, infiniplex_staircase_pool
Lair:3:   layout_cave_pods, gammafunk_ghost_abyssal_escape,
          chequers_serial_rivers_small_3, grunt_megastairs_4,
          infiniplex_staircase_pool_2
Lair:4:   layout_roguey, lemuel_fruit_tree, grunt_megastairs_5
Lair:5:   minmay_lair_end_enchanted_forest, layout_cave_shapes, slime_entry_1,
          st_stairs_12, nicolae_quartered_pool_super,
          grunt_forest_large_clearing_hut, serial_bayou_shore_a
Swamp:1:  layout_basic_swamp, evilmike_swamp_ruin_rubble_1, uniq_nikola
Swamp:2:  layout_basic_swamp, nicolae_swamp_well_well_well, swamp_pool5
Swamp:3:  layout_basic_swamp, gammafunk_ghost_cemetery,
          evilmike_swamp_ruin_rubble_2, uniq_mlioglotl
Swamp:4:  byrel_swamp_growth_death_and_undeath, layout_basic_swamp, swamp_pool1
Snake:1:  layout_onion_interference, nicolae_shop_clearance,
          serial_bayou_shore_b, nicolae_integral_box, uniq_azrael
Snake:2:  layout_cave_shapes, serial_shops, shop
Snake:3:  layout_gridlike, serial_shops, nicolae_shop_hallway_plus,
          nicolae_snake_squiggles, lemuel_oklob_altar
Snake:4:  grunt_snake_rune_pools, layout_cave_shapes, minmay_shoptagon
Slime:1:  cheibrodos_slime_lost_civilization_10, layout_caves, basic_altar
Slime:2:  layout_caves, nicolae_slime_phagocytosis
Slime:3:  layout_caves, nicolae_slime_welcoming_committee
Slime:4:  layout_caves
Slime:5
Orc:1:    layout_caves, basic_altar, dreamdust_deal_with_the_devil, uniq_urug
Orc:2:    st_orc_town, layout_caves
Elf:1:    nicolae_elf_arrival_dilemma, layout_gridlike, minmay_elf_sorcery,
          evilmike_minifort
Elf:2:    nicolae_elf_blades_crystal_corner, layout_rooms, serial_shops,
          nicolae_shop_competitors_out_of_business, shop,
          nicolae_shop_rolling_square, shop, shop, uniq_roxanne
Elf:3:    grunt_elf_hall_spiral, layout_loops_corners, basic_altar,
          serial_shops, shop, portal_ice_cave_entry_ice_simulacra, minivault_27,
          dk_noncrumbling_4, hellmonk_guarded_unrand_damnation
Vaults:1: nicolae_vaults_trapezoid_lopsided_3, nicolae_vaults_little_squares_3,
          st_lines, ontoclasm_vaults_ring_large,
          nicolae_vaults_closet_pinwheel_3, vaults_mumra_minichess, v_misc_25,
          nicolae_vaults_tetromino_Z_1, nicolae_vaults_little_squares_6,
          v_misc_28, dpeg_vaults_monster_box, nicolae_vaults_tetromino_Z_1,
          layout_vaults_maze_snakey, serial_shops,
          nicolae_shop_temple_entry_statues_fountains, nicolae_shop_crystal,
          shop
Vaults:2: v_misc_10, v_pattern_5, nicolae_vaults_diamond_2,
          nicolae_vaults_lightning_bolt, v_rooms_4, vaults_room_pools,
          v_misc_26, vaults_room_pools, v_misc_19, nicolae_vaults_tetromino_L_2,
          nicolae_vaults_enemy_cabinets, vaults_room_pool,
          nicolae_vaults_tetromino_Z_1, layout_vaults_big_room, uniq_sojobo,
          uniq_boris, uniq_donald, uniq_xtahua
Vaults:3: v_alt_pattern_5, grunt_vaults_focal, nicolae_vaults_double_plus_3,
          nicolae_vaults_house_1, blue_anna_dwarven_crypt,
          nicolae_vaults_library_corner, vaults_room_corners,
          nicolae_vaults_closet_pinwheel_1, grunt_vaults_hallway_short,
          nicolae_vaults_heist, layout_vaults_omnigrid, uniq_frederick,
          uniq_zenata
Vaults:4: nicolae_vaults_storage_room_statues, v_misc_29,
          nicolae_vaults_six-pack, nicolae_vaults_double_plus_2,
          hangedman_vaults_capsules, nicolae_vaults_angled_halls,
          v_alt_pattern_3, nicolae_vaults_offset_grid_hallway_4,
          grunt_vaults_bifocal, v_pattern_4, layout_vaults_omnibox,
          enter_trove_3, uniq_mara, uniq_saint_roka
Vaults:5: uniq_mennas
Crypt:1:  layout_chaotic_city, moated_statue, minivault_25
Crypt:2:  layout_chaotic_city, grunt_megastairs_3
Crypt:3:  due_elkab, layout_chaotic_city, mu_enter_wizlab_6, uniq_grunn
Depths:1: layout_basic, grunt_metal_band, xom_teletrap_fun
Depths:2: hellmonk_destroyed_diamonds, layout_small_grid, enter_ziggurat_b,
          hell_entry, pan_entry, kennysheep_cluttered_room,
          ebering_ghost_disaster_area, minmay_staircase_windowed_small
Depths:3: minmay_dotted_concentric_squares, layout_cave_pools, hell_entry,
          abyss_entry_small_statue_room, serial_column_ruins,
          column_ruins_temple_circle, column_ruins_square_small,
          column_ruins_open_tiny, column_ruins_grid_1, column_ruins_grid_1,
          column_ruins_grid_1, column_ruins_columns_T, column_ruins_grid_1,
          column_ruins_grid_1, uniq_parghit, uniq_josephina
Depths:4: grunt_zot_entry_hairpin, layout_basic, hangedman_abyss_entry_splay,
          minmay_fountain_box, hangedman_coc_ice_floe
Zot:1:    kennysheep_blocky_hall, layout_onion_interference
Zot:2:    infiniplex_zot_generator, layout_gridlike, hangedman_feature_mirror
Zot:3:    layout_onion, st_small_dragon_hoard_4
Zot:4:    layout_onion, st_small_dragon_hoard_5
Zot:5:    layout_onion

Skill      XL: |  1  2  3  4  5  6  7  8  9 10 11 12 13 14 15 16 17 18 19 20 21 22 23 24 25 26 27 |
---------------+----------------------------------------------------------------------------------+-----
Stealth        | 10 11 12 13 14 15 16 17 18 19 20 21 | 21.4
Invocations    | 1 2 3 4 5 6 7 8 10 11 12 13 14 15 16 17 18 19 21 | 21.2
Short Blades   | 1 2 3 5 6 7 8 9 10 11 12 13 14 15 16 18 19 22 | 22.1
Long Blades    | 1 2 3 5 6 7 8 9 10 11 12 13 14 15 16 17 18 19 | 19.7
Axes           | 1 2 3 5 6 7 8 9 10 11 12 13 14 15 17 18 20 22 | 22.6
Maces & Flails | 1 2 3 5 6 7 8 9 10 11 12 13 14 15 16 17 18 19 | 19.7
Staves         | 1 2 3 5 6 7 8 9 10 11 12 13 14 15 16 17 18 19 | 19.7
Ranged Weapons | 1 2 3 5 6 7 8 9 10 11 12 13 14 15 16 17 18 19 | 19.7
Throwing       | 1 2 3 5 6 7 8 9 10 11 12 13 14 15 16 17 18 19 | 19.7
Armour         | 1 2 3 5 6 7 8 9 10 11 12 13 14 15 16 17 18 19 | 19.7
Shields        | 1 2 3 5 6 7 8 9 10 11 12 13 14 15 16 17 18 19 | 19.7
Unarmed Combat | 1 2 3 5 6 7 8 9 10 11 12 13 14 15 16 17 18 19 | 19.7
Spellcasting   | 1 2 3 5 6 7 8 9 10 11 12 13 14 15 16 17 18 19 22 | 22.3
Evocations     | 1 2 3 5 6 7 8 9 10 11 12 13 14 15 16 17 18 19 | 19.7
Conjurations   | 1 2 3 4 5 6 7 8 9 10 11 12 13 14 15 16 | 16.8
Hexes          | 1 2 3 4 5 6 7 8 9 10 11 12 13 14 15 16 | 16.8
Summonings     | 1 2 3 4 5 6 7 8 9 10 11 12 13 14 15 16 | 16.8
Necromancy     | 1 2 3 4 5 6 7 8 9 10 11 12 13 14 15 16 | 16.8
Translocations | 1 2 3 4 5 6 7 8 9 10 11 12 13 14 15 16 | 16.8
Transmutations | 1 2 3 4 5 6 7 8 9 10 11 12 13 14 15 16 | 16.8
Fire Magic     | 1 2 3 4 5 6 7 8 9 10 11 12 13 14 15 16 | 16.8
Ice Magic      | 1 2 3 4 5 6 7 8 9 10 11 12 13 14 15 16 | 16.8
Air Magic      | 1 2 3 4 5 6 7 8 9 10 11 12 13 14 15 16 17 20 | 20.0
Earth Magic    | 1 2 3 4 5 6 7 8 9 10 11 12 13 14 15 16 | 16.8
Poison Magic   | 1 2 3 4 5 6 7 8 9 10 11 12 13 14 15 16 | 16.8
Polearms       | 5 6 7 8 9 10 11 12 13 14 15 16 17 18 20 | 20.1
Dodging        | 5 6 7 8 9 10 11 12 13 14 15 16 17 18 20 | 20.1
Fighting       | 7 8 9 10 11 12 13 14 15 16 17 18 19 20 | 20.5

Action                     |  1- 3 |  4- 6 |  7- 9 | 10-12 | 13-15 | 16-18 | 19-21 | 22-24 | 25-27 || total
---------------------------+-------+-------+-------+-------+-------+-------+-------+-------+-------++-------
  Melee: Spear             |    96 |   239 |       |       |       |       |       |       |       ||   335
         Bite              |     8 |    32 |    14 |    59 |   122 |    89 |   149 |   200 |   369 ||  1042
         Punch             |     2 |     5 |     7 |    26 |    37 |       |       |     4 |       ||    81
         War axe           |       |    19 |   182 |   422 |   553 |       |       |       |       ||  1176
         Demon trident     |       |       |       |       |   554 |  1186 |  1564 |  1712 |  2905 ||  7921
         Scimitar          |       |       |       |       |    15 |       |       |       |       ||    15
   Fire: Shortbow          |       |       |    44 |   250 |   203 |       |       |       |       ||   497
  Throw: Dart              |     2 |    15 |    21 |    32 |     5 |    98 |    43 |       |     2 ||   218
         Stone             |       |    12 |    19 |       |   115 |    68 |    39 |       |       ||   253
         Boomerang         |       |    31 |    75 |    12 |    55 |   254 |       |       |   123 ||   550
         Javelin           |       |       |       |       |       |     6 |    11 |     7 |    71 ||    95
         Throwing net      |       |       |       |       |       |       |       |       |     2 ||     2
   Cast: Wereblood         |       |       |       |       |       |     4 |    21 |     4 |    12 ||    41
         Apportation       |       |       |       |       |       |       |     2 |       |     9 ||    11
         Blink             |       |       |       |       |       |       |     1 |     1 |     1 ||     3
         Vhi's Electric Ch |       |       |       |       |       |       |    11 |    23 |    16 ||    50
         Summon Mana Viper |       |       |       |       |       |       |       |     3 |     1 ||     4
         Dispel Undead     |       |       |       |       |       |       |       |       |    18 ||    18
         Silence           |       |       |       |       |       |       |       |       |    12 ||    12
         Shatter           |       |       |       |       |       |       |       |       |    11 ||    11
 Invoke: Lesser Servant of |       |       |       |     3 |    10 |    10 |     2 |       |       ||    25
         Minor Destruction |       |       |       |     2 |     6 |     4 |     8 |       |   189 ||   209
         Major Destruction |       |       |       |     1 |     2 |       |       |       |    13 ||    16
         Greater Servant o |       |       |       |       |     1 |     3 |     1 |       |     3 ||     8
Ability: Evoke Invisibilit |       |       |       |       |       |       |       |       |     4 ||     4
  Evoke: Wand              |     1 |       |       |    32 |     9 |    28 |    10 |    12 |    41 ||   133
         Box of beasts     |       |       |       |     1 |     1 |     3 |     3 |       |     3 ||    11
         Phantom mirror    |       |       |       |       |       |     4 |     4 |       |     2 ||    10
         Condenser vane    |       |       |       |       |       |     3 |     3 |     1 |     5 ||    12
         Lightning rod     |       |       |       |       |       |       |    15 |     5 |    21 ||    41
    Use: Scroll            |     1 |       |    11 |     4 |    13 |     7 |     2 |     5 |    22 ||    65
         Potion            |     1 |       |       |       |     1 |     5 |     1 |     3 |    12 ||    23
   Stab: Sleeping          |       |     8 |     2 |     1 |       |       |       |       |       ||    11
         Distracted        |       |       |       |     3 |     3 |     2 |     4 |     1 |     5 ||    18
         Paralysed         |       |       |       |       |       |       |     4 |       |       ||     4
         Invisible         |       |       |       |       |       |       |       |       |    31 ||    31
 Armour: Leather armour    |     6 |    17 |       |       |       |       |       |       |       ||    23
         Robe              |       |     2 |    22 |    16 |       |       |       |       |     4 ||    44
         Acid dragon scale |       |       |       |    51 |       |       |       |       |       ||    51
         Gold dragon scale |       |       |       |    89 |   764 |   557 |   398 |   547 |   976 ||  3331
  Dodge: Dodged            |    28 |    97 |   188 |   446 |   505 |   254 |   224 |   288 |   608 ||  2638
  Block: Buckler           |       |       |       |       |   108 |    34 |       |       |       ||   142
         Kite shield       |       |       |       |       |       |   539 |   475 |   557 |    91 ||  1662
         Tower shield      |       |       |       |       |       |       |       |    65 |  1674 ||  1739

Table legend: (Time is in decaauts)
 A = Elapsed time spent in this place.
 B = Non-inter-level travel time spent in this place.
 C = Inter-level travel time spent in this place.
 D = Time resting spent in this place.
 E = Time spent auto-exploring this place.
 F = Levels seen in this place.
 G = Mean time per level.
                   A        B        C        D        E       F      G
               +--------+--------+--------+--------+--------+-----+--------+
         Total |  68092 |  55902 |  12190 |   7810 |  30432 |  62 | 1098.3 |
       Dungeon |  18262 |  13746 |   4516 |   1193 |   9304 |  15 | 1217.5 |
          Lair |   6894 |   5415 |   1479 |    462 |   3376 |   5 | 1378.8 |
         Swamp |   3112 |   2803 |    309 |    413 |   1646 |   4 |  778.0 |
     Snake Pit |   3997 |   3687 |    310 |    404 |   2279 |   4 |  999.2 |
    Slime Pits |   1205 |   1139 |     66 |    503 |     33 |   5 |  241.0 |
  Orcish Mines |   2350 |   1808 |    542 |    204 |    877 |   2 | 1175.0 |
   Elven Halls |   3942 |   3379 |    563 |     93 |   2069 |   3 | 1314.0 |
        Vaults |   8659 |   6902 |   1757 |   1148 |   3155 |   5 | 1731.8 |
         Crypt |   3617 |   3293 |    324 |    370 |   1659 |   3 | 1205.7 |
        Depths |   5147 |   3816 |   1331 |    466 |   2216 |   4 | 1286.8 |
           Zot |   8120 |   7132 |    988 |   1824 |   3350 |   5 | 1624.0 |
         Abyss |    253 |    253 |      0 |     21 |      0 |   2 |  126.5 |
         Trove |     50 |     50 |      0 |      0 |      2 |   1 |   50.0 |
       Ossuary |   1196 |   1196 |      0 |    601 |     85 |   1 | 1196.0 |
      Ice Cave |    383 |    383 |      0 |      0 |    134 |   1 |  383.0 |
        Wizlab |    338 |    338 |      0 |      0 |    106 |   1 |  338.0 |
      Gauntlet |    558 |    558 |      0 |    103 |    138 |   1 |  558.0 |
               +--------+--------+--------+--------+--------+-----+--------+

Top non-repeatable levels by time:
   Zot:5: 2843 daAuts
    D:11: 2638 daAuts
Vaults:5: 2524 daAuts
   Zot:2: 1912 daAuts
Vaults:3: 1848 daAuts
    D:12: 1792 daAuts
 Crypt:3: 1711 daAuts
   Orc:2: 1670 daAuts
  Lair:2: 1640 daAuts
  Lair:1: 1637 daAuts
    D:13: 1621 daAuts
Vaults:1: 1616 daAuts
  Lair:3: 1561 daAuts
   Elf:3: 1531 daAuts
Depths:2: 1487 daAuts

Table legend:
 A = Kills in this place as a percentage of kills in the entire game.
 B = Kills by you in this place as a percentage of kills by you in the entire game.
 C = Kills by friends in this place as a percentage of kills by friends in the entire game.
 D = Other kills in this place as a percentage of other kills in the entire game.
 E = Experience gained in this place as a percentage of experience gained in the entire game.
 F = Experience gained in this place divided by the number of levels of this place that you have seen.
                   A       B       C       D       E      F
               +-------+-------+-------+-------+-------+----------------------
         Total | 100.0 | 100.0 | 100.0 | 100.0 | 100.0 | 24253.2
       Dungeon |  15.4 |  16.8 |  12.5 |   4.3 |   4.9 | 4944.6
          Lair |   9.9 |  10.3 |  15.6 |   5.1 |   4.4 | 13111.2
         Swamp |   5.7 |   5.4 |   4.7 |   8.6 |   5.3 | 19737.8
     Snake Pit |   7.9 |   8.0 |  14.1 |   5.4 |   6.6 | 24825.5
    Slime Pits |   2.8 |   3.0 |   0.0 |   2.3 |   3.1 | 9280.2
  Orcish Mines |   4.8 |   5.1 |  12.5 |   0.4 |   0.9 | 6672.5
   Elven Halls |   8.5 |   8.8 |   0.0 |   8.2 |   9.5 | 47721.0
        Vaults |  16.2 |  14.6 |  32.8 |  24.9 |  22.7 | 68317.4
         Crypt |   8.3 |   8.0 |   1.6 |  12.5 |   8.2 | 41109.7
        Depths |   7.1 |   6.8 |   1.6 |  11.3 |  10.9 | 40833.8
           Zot |   9.8 |   9.6 |   0.0 |  14.4 |  21.8 | 65452.4
         Abyss |   1.1 |   0.9 |   4.7 |   1.2 |   0.6 | 4446.5
       Ossuary |   0.7 |   0.8 |   0.0 |   0.0 |   0.0 | 153.0
      Ice Cave |   1.3 |   1.3 |   0.0 |   1.2 |   1.0 | 14420.0
        Wizlab |   0.0 |   0.0 |   0.0 |   0.0 |   0.1 | 963.0
      Gauntlet |   0.7 |   0.7 |   0.0 |   0.4 |   0.2 | 2872.0
               +-------+-------+-------+-------+-------+----------------------

Levels and vault maps discovered:
D:1:      heliophobic_arrival_battle_scene, layout_rooms, serial_shops,
          nicolae_shop_just_a_little_nook
D:2:      layout_basic, shapermc_ecumenical_altar_flowoftime
D:3:      layout_loops_ring, mainiacjoe_overflow_six_doors_small,
          makhleb_altar_promises_db, mainiacjoe_overflow_brackets, uniq_jessica
D:4:      layout_rooms, ashenzari_conservatory_becter, grunt_dithmenos_smoke,
          enter_ossuary_2, serial_shops, nicolae_shop_back_alley_shop,
          kennysheep_mini_moat, nicolae_shop_tiny_glass, shop,
          chequers_decorated_corner, uniq_edmund
D:5:      layout_basic, gammafunk_ghost_icy
D:6:      layout_loops_cross, nicolae_qazlal_beasts_of_the_sky, temple_pool_b,
          minmay_misc_feat_tiny, minmay_misc_feat_iff, grunt_ministairs_12,
          reono_crystal_passage, uniq_blork_the_orc
D:7:      layout_cave_pools, okawaru_gym_becter, serial_column_ruins,
          column_ruins_hut_pillars, column_ruins_hut, column_ruins_open_tiny,
          column_ruins_grid_1, column_ruins_grid_1, column_ruins_grid_3,
          column_ruins_open_medium, column_ruins_columns_straight, uniq_duvessa
D:8:      layout_gridville, pdpol_wu_jian_five_deadly_venoms,
          nicolae_concentric_dashed_squares_mild
D:9:      layout_loops_cross, lemuel_round_altar, gammafunk_ghost_split
D:10:     layout_stronghold, elyvilon_altar_5, overflow_temple_1_default,
          general_overflow_altar
D:11:     minmay_polygon_palace, layout_basic, dpeg_oklobed_lair, orc_david_3,
          serial_shops, nicolae_shop_real_fake_doors
D:12:     layout_layer_cave, minmay_misc_feat_rows, nicolae_water_bricks
D:13:     minmay_bad_star, layout_stronghold, grunt_vaults_entry_tiered,
          serial_park_tiny_2, nicolae_blasting_shop
D:14:     layout_stronghold, gauntlet_entry_generic, hex_tiny, uniq_rupert
D:15:     grunt_enter_depths_giant_problem, layout_loops_corners,
          minmay_misc_feat_alley
Lair:1:   layout_gridlike, chequers_serial_rivers_micro_b, uniq_erica,
          uniq_harold, uniq_fannar, uniq_grum
Lair:2:   layout_gridlike, minmay_swamp_entry_worms, nicolae_snake_entry_squirm,
          st_stairs_12, chequers_serial_rivers_room_a, serial_bayou_pond_e,
          forest_entry_grove, infiniplex_staircase_pool
Lair:3:   layout_cave_pods, gammafunk_ghost_abyssal_escape,
          chequers_serial_rivers_small_3, grunt_megastairs_4,
          infiniplex_staircase_pool_2
Lair:4:   layout_roguey, lemuel_fruit_tree, grunt_megastairs_5
Lair:5:   minmay_lair_end_enchanted_forest, layout_cave_shapes, slime_entry_1,
          st_stairs_12, nicolae_quartered_pool_super,
          grunt_forest_large_clearing_hut, serial_bayou_shore_a
Swamp:1:  layout_basic_swamp, evilmike_swamp_ruin_rubble_1, uniq_nikola
Swamp:2:  layout_basic_swamp, nicolae_swamp_well_well_well, swamp_pool5
Swamp:3:  layout_basic_swamp, gammafunk_ghost_cemetery,
          evilmike_swamp_ruin_rubble_2, uniq_mlioglotl
Swamp:4:  byrel_swamp_growth_death_and_undeath, layout_basic_swamp, swamp_pool1
Snake:1:  layout_onion_interference, nicolae_shop_clearance,
          serial_bayou_shore_b, nicolae_integral_box, uniq_azrael
Snake:2:  layout_cave_shapes, serial_shops, shop
Snake:3:  layout_gridlike, serial_shops, nicolae_shop_hallway_plus,
          nicolae_snake_squiggles, lemuel_oklob_altar
Snake:4:  grunt_snake_rune_pools, layout_cave_shapes, minmay_shoptagon
Slime:1:  cheibrodos_slime_lost_civilization_10, layout_caves, basic_altar
Slime:2:  layout_caves, nicolae_slime_phagocytosis
Slime:3:  layout_caves, nicolae_slime_welcoming_committee
Slime:4:  layout_caves
Slime:5
Orc:1:    layout_caves, basic_altar, dreamdust_deal_with_the_devil, uniq_urug
Orc:2:    st_orc_town, layout_caves
Elf:1:    nicolae_elf_arrival_dilemma, layout_gridlike, minmay_elf_sorcery,
          evilmike_minifort
Elf:2:    nicolae_elf_blades_crystal_corner, layout_rooms, serial_shops,
          nicolae_shop_competitors_out_of_business, shop,
          nicolae_shop_rolling_square, shop, shop, uniq_roxanne
Elf:3:    grunt_elf_hall_spiral, layout_loops_corners, basic_altar,
          serial_shops, shop, portal_ice_cave_entry_ice_simulacra, minivault_27,
          dk_noncrumbling_4, hellmonk_guarded_unrand_damnation
Vaults:1: nicolae_vaults_trapezoid_lopsided_3, nicolae_vaults_little_squares_3,
          st_lines, ontoclasm_vaults_ring_large,
          nicolae_vaults_closet_pinwheel_3, vaults_mumra_minichess, v_misc_25,
          nicolae_vaults_tetromino_Z_1, nicolae_vaults_little_squares_6,
          v_misc_28, dpeg_vaults_monster_box, nicolae_vaults_tetromino_Z_1,
          layout_vaults_maze_snakey, serial_shops,
          nicolae_shop_temple_entry_statues_fountains, nicolae_shop_crystal,
          shop
Vaults:2: v_misc_10, v_pattern_5, nicolae_vaults_diamond_2,
          nicolae_vaults_lightning_bolt, v_rooms_4, vaults_room_pools,
          v_misc_26, vaults_room_pools, v_misc_19, nicolae_vaults_tetromino_L_2,
          nicolae_vaults_enemy_cabinets, vaults_room_pool,
          nicolae_vaults_tetromino_Z_1, layout_vaults_big_room, uniq_sojobo,
          uniq_boris, uniq_donald, uniq_xtahua
Vaults:3: v_alt_pattern_5, grunt_vaults_focal, nicolae_vaults_double_plus_3,
          nicolae_vaults_house_1, blue_anna_dwarven_crypt,
          nicolae_vaults_library_corner, vaults_room_corners,
          nicolae_vaults_closet_pinwheel_1, grunt_vaults_hallway_short,
          nicolae_vaults_heist, layout_vaults_omnigrid, uniq_frederick,
          uniq_zenata
Vaults:4: nicolae_vaults_storage_room_statues, v_misc_29,
          nicolae_vaults_six-pack, nicolae_vaults_double_plus_2,
          hangedman_vaults_capsules, nicolae_vaults_angled_halls,
          v_alt_pattern_3, nicolae_vaults_offset_grid_hallway_4,
          grunt_vaults_bifocal, v_pattern_4, layout_vaults_omnibox,
          enter_trove_3, uniq_mara, uniq_saint_roka
Vaults:5: uniq_mennas
Crypt:1:  layout_chaotic_city, moated_statue, minivault_25
Crypt:2:  layout_chaotic_city, grunt_megastairs_3
Crypt:3:  due_elkab, layout_chaotic_city, mu_enter_wizlab_6, uniq_grunn
Depths:1: layout_basic, grunt_metal_band, xom_teletrap_fun
Depths:2: hellmonk_destroyed_diamonds, layout_small_grid, enter_ziggurat_b,
          hell_entry, pan_entry, kennysheep_cluttered_room,
          ebering_ghost_disaster_area, minmay_staircase_windowed_small
Depths:3: minmay_dotted_concentric_squares, layout_cave_pools, hell_entry,
          abyss_entry_small_statue_room, serial_column_ruins,
          column_ruins_temple_circle, column_ruins_square_small,
          column_ruins_open_tiny, column_ruins_grid_1, column_ruins_grid_1,
          column_ruins_grid_1, column_ruins_columns_T, column_ruins_grid_1,
          column_ruins_grid_1, uniq_parghit, uniq_josephina
Depths:4: grunt_zot_entry_hairpin, layout_basic, hangedman_abyss_entry_splay,
          minmay_fountain_box, hangedman_coc_ice_floe
Zot:1:    kennysheep_blocky_hall, layout_onion_interference
Zot:2:    infiniplex_zot_generator, layout_gridlike, hangedman_feature_mirror
Zot:3:    layout_onion, st_small_dragon_hoard_4
Zot:4:    layout_onion, st_small_dragon_hoard_5
Zot:5:    layout_onion
